 Dungeon Crawl Stone Soup version 0.21-a0-529-g8c7b3f5d53 (webtiles) character file.

132 JackS81 the Skirmisher (level 5, -3/55 HPs)
             Began as an Octopode Fighter on Dec 10, 2017.
             Killed by divine providence
             ... invoked by an orc priest
              (13 damage)
             ... on level 3 of the Dungeon.
             The game lasted 00:04:41 (1522 turns).

JackS81 the Skirmisher (Octopode Fighter)           Turns: 1522, Time: 00:04:41

Health: -3/55      AC: 22    Str: 16    XL:     5   Next: 15%
Magic:  5/5        EV:  2    Int: 10    God:
Gold:   151        SH:  9    Dex: 12    Spells: 4/4 levels left

rFire    x . .     SeeInvis .   a - +0 long sword
rCold    + . .     Gourm    .   b - +0 shield
rNeg     + + +     Faith    .   (helmet currently unavailable)
rPois    +         Spirit   .   (no amulet)
rElec    .         Reflect  .   f - ring of ice
rCorr    .         Harm     .   (no ring)
MR       .....     NoTele   +   (no ring)
Stlth    +.........             (no ring)
HPRegen  0.18/turn              (no ring)
MPRegen  0.09/turn              (no ring)
                                (no ring)
                                (no ring)

@: tree-form
A: almost no armour, stealthy swim, (amphibious), 8 rings, (constrict 8)
a: no special abilities


You were on level 3 of the Dungeon.
You were not hungry.
You were a tree.
You visited 1 branch of the dungeon, and saw 3 of its levels.

You collected 151 gold pieces.

Inventory:

Hand Weapons
 a - a +0 long sword (weapon)
 s - a +0 blowgun
Missiles
 h - 25 bolts
 m - 26 arrows
 t - 6 poisoned needles
Armour
 b - a +0 shield (worn)
Jewellery
 f - a ring of ice (left branch)
Scrolls
 e - 5 scrolls of remove curse
 i - a scroll of teleportation {unknown}
 l - a scroll of immolation {unknown}
 u - a scroll of fog {unknown}
Potions
 c - 2 potions of might
 g - a potion of lignification
 k - 2 potions of heal wounds {unknown}
 o - a potion of agility {unknown}
 q - a potion of flight {unknown}
Comestibles
 d - 3 bread rations
 j - 2 royal jellies
 n - a meat ration
 p - 4 fruits
 r - 12 chunks of flesh


   Skills:
 * Level 3.9 Fighting
 * Level 3.5 Long Blades
 * Level 3.5 Dodging
 + Level 0.7 Stealth
 + Level 3.4 Shields


You had 4 spell levels left.
You didn't know any spells.

Dungeon Overview and Level Annotations

Branches:
Dungeon (3/15)

Altars:


Innate Abilities, Weirdness & Mutations

You cannot wear most types of armour.
You are very stealthy in the water. (Stealth+)
((You are amphibious.))
You can wear up to eight rings at the same time.
((You can use your tentacles to constrict eight enemies at once.))
((Your skin changes colour to match your surroundings (Stealth+).))
((Your rubbery body absorbs attacks. (AC +1, EV +1)))


Message History

You hit the orc but do no damage. Your grab misses the orc.
The orc hits you with a falchion.
You barely miss the orc. Your grab misses the orc. You hit the orc priest.
Your grab misses the orc priest.
The orc priest is lightly wounded.
The orc misses you.
You riposte.
You hit the orc but do no damage. You grab the orc. The orc priest hits you.
The orc hits you with a falchion.
* * * LOW HITPOINT WARNING * * *
You hit the orc priest but do no damage.
Your grab misses the orc priest. You squeeze the orc priest!
The orc priest is heavily wounded.
You constrict the orc, but do no damage.
The orc priest hits you.
* * * LOW HITPOINT WARNING * * *
You block the orc's attack.
It was a potion of lignification.
You turn into a tree.
Your roots penetrate the ground.
You lose your grip on the orc.
The orc priest mumbles some strange prayers to Beogh against you.
Beogh smites you!
You die...

.................o....
###.....####.......o.
####..# ....... ##.#
...?. #.### !.. #...#
#g# #.#.# #o#
#...######o#
####........o♣##
#.........##...## ##
#.##..###.#.....#...#
# #..##............#
#..##..##..###....
#......##..# ####
#.########## #.# ###


You could see an orc priest, 2 orcs and a hobgoblin.

Vanquished Creatures
  An orc wizard (D:3)
  A gnoll (D:1)
  4 adders
  An ooze (D:2)
  A worm (D:3)
  A dart slug (D:1)
  A leopard gecko (D:1)
  3 orcs (D:3)
  2 bats
  6 goblins
  7 hobgoblins
  3 jackals (D:2)
  A quokka (D:3)
  2 frilled lizards
  9 kobolds
  4 rats
47 creatures vanquished.

Notes
Turn   | Place    | Note
-------+----------+-------------------------------------------
     0 | D:1      | JackS81 the Octopode Fighter began the quest for the Orb.
     0 | D:1      | Reached XP level 1. HP: 16/16 MP: 1/1
    56 | D:1      | Reached XP level 2. HP: 14/21 MP: 2/2
   363 | D:1      | Reached XP level 3. HP: 26/26 MP: 3/3
   913 | D:2      | Reached XP level 4. HP: 28/33 MP: 4/4
  1422 | D:3      | Reached XP level 5. HP: 34/37 MP: 5/5
  1522 | D:3      | Killed from afar by an orc priest

Vault maps used:
D:1:      dpeg_arrival_lava_altar, corexii_leaking_fountain
D:2:      minmay_quantized
D:3:      minmay_wonky_spiral, first_bread, kennysheep_generic_room_13

Skill      XL: |  1  2  3  4 |
---------------+-------------+-----
Long Blades    | 3 |  3.5
Fighting       | |  3.9
Dodging        | |  3.5
Stealth        | |  0.7
Shields        | |  3.4

Action                   |  1- 3 |  4- 6 || total
-------------------------+-------+-------++-------
Melee: Long sword        |    65 |    36 ||   101
       Constrict         |    20 |    16 ||    36
       Tentacles         |     9 |     7 ||    16
  Use: Scroll            |     1 |       ||     1
       Potion            |       |     1 ||     1
 Stab: Sleeping          |     3 |     3 ||     6
  Eat: Chunk             |       |     2 ||     2
Armor: Skin              |     4 |     1 ||     5
Dodge: Dodged            |    30 |    15 ||    45
Block: Shield            |    33 |    13 ||    46
       Rpst.: Long sword |     9 |     8 ||    17

Table legend:
 A = Spawn XP
 B = Non-spawn XP
 C = Spawn XP percentage of total XP
 D = Spawn monster count
 E = Non-spawn monster count
 F = Spawn count percentage of total count
 G = Total turns spent on level
                    A         B        C        D         E        F      G
               +---------+---------+-------+---------+---------+-------+---------
         Total |       0 |     189 |   0.0 |       0 |      47 |   0.0 |  1522
               +---------+---------+-------+---------+---------+-------+---------
           D:1 |       0 |      38 |   0.0 |       0 |      14 |   0.0 |   620
           D:2 |       0 |      74 |   0.0 |       0 |      21 |   0.0 |   655
           D:3 |       0 |      77 |   0.0 |       0 |      12 |   0.0 |   247
               +---------+---------+-------+---------+---------+-------+---------
